 Dungeon Crawl Stone Soup version 0.31-a0-702-gf82c85558f (webtiles) character file.

Game seed: 13408719000034179693

74 qw the Shooter (level 4, -4/28 HPs)
             Began as a Gargoyle Hunter on Sept 8, 2023.
             Slain by Sigmund
             ... wielding a +0 scythe
              (7 damage)
             ... on level 3 of the Dungeon.
             The game lasted 00:00:27 (1157 turns).

qw the Shooter (Gargoyle Hunter)                    Turns: 1157, Time: 00:00:27

Health: -4/28      AC:  9    Str: 14    XL:     4   Next: 28%
Magic:  4/4        EV: 11    Int: 10    God:
Gold:   79         SH:  0    Dex: 15    Spells: 3/3 levels left

rFire   . . .        Y - +0 shortbow
rCold   . . .        (shield currently unavailable)
rNeg    + . .        c - +0 leather armour
rPois   inf          (no helmet)
rElec   +            (no cloak)
rCorr   .            f - +2 pair of gloves
SInv    .            (no boots)
Will    .....        d - amulet of reflection
Stlth   +            (no ring)
HPRegen 0.24/turn    (no ring)
MPRegen 0.09/turn

%: reflection
@: confused
A: sickness immunity, AC +3, negative energy resistance 1, electricity
resistance, torment resistance 1, petrification resistance
a: no special abilities


You were on level 3 of the Dungeon.
You visited 1 branch of the dungeon, and saw 3 of its levels.

You collected 105 gold pieces.
You spent 26 gold pieces at shops.


Innate Abilities, Weirdness & Mutations

You are immune to sickness and miasma.
Your stone body is resilient. (AC +3)
You are immune to poison.
You resist negative energy. (rN+)
You are resistant to electric shocks. (rElec)
You are resistant to unholy torment.
You are immune to petrification.


   Skills:
 - Level 3.6 Fighting
 + Level 5.0 Ranged Weapons
 - Level 1.5 Dodging
 - Level 1.1 Stealth


You had 3 spell levels left.
You didn't know any spells.
Your spell library was empty.

Inventory:

Hand Weapons
 Y - a +0 shortbow (weapon)
Armour
 c - a +0 leather armour (worn)
 f - a +2 pair of gloves (worn)
Jewellery
 d - an amulet of reflection (around neck)
Scrolls
 e - a scroll of identify
Potions
 b - a potion of heal wounds {unknown}
 g - a potion of curing {unknown}

Dungeon Overview and Level Annotations

Branches:
Dungeon (3/15)

Altars:
Sif Muna

Shops:
D:2 ?

Annotations:
D:3 Sigmund


Message History

You block the howler monkey's attack.
You shoot an arrow. The arrow hits the howler monkey.
You kill the howler monkey!
Your Fighting skill increases to level 3!
You have reached level 4!
You feel clever.
You start resting.
HP restored.
Done exploring.
What level of the Dungeon? (default 3, ? - help)
You climb downwards.
Level annotation: Sigmund The frilled lizard bites you but does no damage. x2
There is a stone staircase leading up here.
You shoot an arrow. The arrow hits the frilled lizard.
You kill the frilled lizard!
You hear some strange, mumbled words.
A magic dart appears from out of thin air!
Deactivating autopickup; reactivate with Ctrl-A.
The magic dart hits you.
You shoot an arrow. Something hits you but does no damage.
You shoot an arrow. Something hits you but does no damage.
You shoot an arrow. You shoot an arrow. Something hits you.
You shoot an arrow. Something hits you.
You shoot an arrow. Something hits you!
You shoot an arrow. You shoot an arrow.
You hear some strange, mumbled words.
A puff of flame appears from out of thin air!
The puff of flame hits you.
You hear some strange, mumbled words.
You are confused.
You shoot an arrow. Something hits you!
You die...

#############
##.....#.....##
##.............#
#...............
#......<........
#......>@.......
#........{......
#............!..
##.............#
##.....#......#
.....########.#
##.## . #.


There were no monsters in sight!

Vanquished Creatures
  A howler monkey (D:2)
  A worm (D:2)
  5 ball pythons
  2 bats
  3 endoplasms
  A giant cockroach (D:1)
  3 goblins
  3 hobgoblins (D:1)
  2 quokkas (D:1)
  2 frilled lizards
  4 kobolds
  5 rats (D:1)
32 creatures vanquished.

Notes
Turn   | Place    | Note
-------+----------+-------------------------------------------
     0 | D:1      | qw the Gargoyle Hunter began the quest for the Orb.
     0 | D:1      | Reached XP level 1. HP: 12/12 MP: 1/1
     0 | D:1      | 0 ||| qw: Version: 0.3-a-76-g4403597
     0 | D:1      | 0 ||| qw: Game counter: 1241
     0 | D:1      | 0 ||| qw: Melee chars always use a shield: true
     0 | D:1      | 0 ||| qw: God list: Okawaru
     0 | D:1      | 0 ||| qw: Allow faded altars: false
     0 | D:1      | 0 ||| qw: Do Orc after clearing Dungeon:15 true
     0 | D:1      | 0 ||| qw: Do second Lair branch before Depths: true
     0 | D:1      | 0 ||| qw: Lair rune preference: random
     0 | D:1      | 0 ||| qw: Goals: Normal
     0 | D:1      | 0 ||| PLANNING D:1-11
   136 | D:1      | Reached XP level 2. HP: 17/17 MP: 2/2
   249 | D:1      | Found a faded altar of an unknown god.
   453 | D:1      | Reached XP level 3. HP: 21/21 MP: 3/3
   682 | D:1      | 682 ||| UPGRADING to amulet of reflection.
   687 | D:1      | 687 ||| DROPPING ring of flight.
   688 | D:1      | 688 ||| READING scroll labelled JATAPN XAIGODE.
   692 | D:1      | 692 ||| DROPPING scroll of butterflies.
   736 | D:2      | Reached skill level 5 in Ranged Weapons
   742 | D:2      | Found Lad Voyf's Magic Scroll Emporium.
   783 | D:2      | 783 ||| BUYING scroll of identify (26 gold).
   783 | D:2      | Bought a scroll of identify for 26 gold pieces
   783 | D:2      | 783 ||| SHOPLISTING scroll of identify (26 gold, have 5).
   783 | D:2      | 783 ||| SHOPLISTING scroll of teleportation (39 gold, have
                  | 5).
  1032 | D:2      | Found a shimmering blue altar of Sif Muna.
  1119 | D:2      | 1119 ||| UPGRADING to +2 pair of gloves.
  1124 | D:2      | 1124 ||| READING scroll labelled WINESU ZIEM.
  1125 | D:2      | 1125 ||| READING scroll labelled GINKIN PIEFEA.
  1131 | D:3      | Noticed Sigmund
  1137 | D:3      | 1137 ||| STAIRDANCE
  1142 | D:2      | Reached skill level 3 in Fighting
  1142 | D:2      | Reached XP level 4. HP: 27/28 MP: 4/4
  1156 | D:3      | HP: 3/28 [something/puff of flame (6)]
  1157 | D:3      | Slain by Sigmund

Levels and vault maps discovered:
D:1:      nicolae_arrival_washed_ashore, layout_basic, serial_glass,
          glass_columns_a, glass_columns_c, ebering_ecumenical_altar_abandoned
D:2:      layout_rooms, basic_altar, serial_shops, shop
D:3:      layout_rooms, mainiacjoe_overflow_six_doors_small,
          mainiacjoe_overflow_cross_hatched, uniq_sigmund

Skill      XL: |  1  2  3 |
---------------+----------+-----
Ranged Weapons | 5 |  5.0
Fighting       | 3 |  3.6
Dodging        | |  1.5
Stealth        | |  1.1

Action                     |  1- 3 |  4- 6 || total
---------------------------+-------+-------++-------
   Fire: Shortbow          |    93 |    10 ||   103
    Use: Scroll            |     3 |       ||     3
 Armour: Leather armour    |    11 |    10 ||    21
  Dodge: Dodged            |     6 |       ||     6
  Block: Other             |     3 |       ||     3

Table legend:
 A = Non-vault XP
 B = Vault XP
 C = Vault XP percentage of total XP
 D = Non-vault monster count
 E = Vault monster count
 F = Vault count percentage of total count
                 A         B        C        D         E       F
            +---------+---------+-------+---------+---------+-------
      Total |     106 |       0 |   0.0 |      32 |       0 |   0.0
            +---------+---------+-------+---------+---------+-------
        D:1 |      37 |       0 |   0.0 |      23 |       0 |   0.0
        D:2 |      68 |       0 |   0.0 |       8 |       0 |   0.0
        D:3 |       1 |       0 |   0.0 |       1 |       0 |   0.0
            +---------+---------+-------+---------+---------+-------
